 Dungeon Crawl Stone Soup version 0.30.0-10-gfe55d96785 (webtiles) character file.

Game seed: 8655111532240228194

399 Cheops the Firebug (level 6, -6/41 HPs)
             Began as a Merfolk Fire Elementalist on May 14, 2023.
             Was a Plaything of Xom.
             Mangled by an iguana (11 damage)
             ... on level 5 of the Dungeon on May 15, 2023.
             The game lasted 00:11:11 (4815 turns).

Cheops the Firebug (Merfolk Fire Elementalist)      Turns: 4815, Time: 00:11:12

Health: -6/41      AC:  3    Str: 13    XL:     6   Next: 84%
Magic:  7/19       EV: 12    Int: 16    God:    Xom [.....*]
Gold:   149        SH:  0    Dex: 17    Spells: 5/11 levels left

rFire   + . .        a - +0 dagger
rCold   . . .        (no shield)
rNeg    . . .        x - +0 leather armour of Carved Joy {Str+4 Dex+3 Slay+2}
rPois   .            (no helmet)
rElec   .            (no cloak)
rCorr   .            (no gloves)
SInv    .            (no boots)
Will    .....        (no amulet)
Stlth   ++           o - ring of protection from fire
HPRegen 0.26/turn    v - ring of magical power
MPRegen 0.16/turn

%: no passive effects
@: flying
A: (nimble swimmer 2), mertail
a: Renounce Religion


You were on level 5 of the Dungeon.
You worshipped Xom.
You were Xom's teddy bear.
You visited 1 branch of the dungeon, and saw 5 of its levels.

You collected 149 gold pieces.

Inventory:

Hand Weapons
 a - a +0 dagger (weapon)
Armour
 d - a +0 robe
 x - the +0 leather armour of Carved Joy (worn) {Str+4 Dex+3 Slay+2}
   (You found it on level 4 of the Dungeon)

   Str:       It affects your strength (+4).
   Dex:       It affects your dexterity (+3).
   Slay:      It affects your accuracy & damage with ranged weapons and melee
   (+2).
Jewellery
 o - a ring of protection from fire (left hand)
 v - a ring of magical power (right hand)
Wands
 q - a wand of iceblast (11)
Scrolls
 e - 2 scrolls of fear {unknown}
 f - 3 scrolls of teleportation {unknown}
 g - a scroll of acquirement {unknown}
 h - a scroll of torment {unknown}
 i - a scroll of enchant armour {unknown}
 j - 2 scrolls of immolation {unknown}
 k - 3 scrolls of identify {unknown}
 m - a scroll of amnesia {unknown}
 r - a scroll of magic mapping {unknown}
 s - a scroll of vulnerability {unknown}
 t - a scroll of poison {unknown}
 u - a scroll of fog {unknown}
Potions
 b - a potion of magic
 c - a potion of flight
 l - a potion of attraction {unknown}
 n - 2 potions of curing {unknown}
 p - 2 potions of heal wounds {unknown}
 w - 2 potions of lignification {unknown}


   Skills:
 - Level 2.6 Dodging
 - Level 2.1 Stealth
 - Level 3.0 Spellcasting
 + Level 3.7 Conjurations
 - Level 4.0 Fire Magic


You had 5 spell levels left.
You knew the following spells:

 Your Spells              Type           Power      Damage    Failure   Level
a - Foxfire               Conj/Fire      56%        2x1d6     4%          1
b - Scorch                Fire           30%        2d6       7%          2
c - Volatile Blastmotes   Fire/Tloc      16%        2d11      30%         3

Your spell library contained the following spells:

 Spells                   Type           Power      Damage    Failure   Level
 Inner Flame              Hex/Fire       8%         N/A       30%         3
 Flame Wave               Conj/Fire      14%        2d6       43%         4


Dungeon Overview and Level Annotations

Branches:
Dungeon (5/15)
 Temple: D:4-7

Altars:
Cheibriados
Gozag
Trog
Xom

Shops:
D:3 :


Innate Abilities, Weirdness & Mutations

((You are very nimble when in or above water. (Stealth+, EV+, Speed+++)))
Your lower body shifts to a powerful aquatic tail in water.


Message History

The iguana is lightly wounded.
The adder bites you.
* * * LOW HITPOINT WARNING * * *
Casting: Foxfire (safe; 4% risk of failure)
Confirm with . or Enter, or press ? or * to list all spells.
You conjure some foxfire!
The adder barely misses you. The iguana bites you!
* * * LOW HITPOINT WARNING * * *
The foxfire hits the iguana.
The iguana is lightly wounded.
The foxfire hits the adder.
The adder is heavily wounded.
The adder closely misses you.
Casting: Foxfire (safe; 4% risk of failure)
Confirm with . or Enter, or press ? or * to list all spells.
You conjure some foxfire!
The adder closely misses you. The adder barely misses you.
The iguana barely misses you.
Your foxfire dissipates!
The iguana attacks as you move away!
The iguana bites you but does no damage.
The foxfire hits the adder.
The adder is severely wounded.
Casting: Foxfire (safe; 4% risk of failure)
Confirm with . or Enter, or press ? or * to list all spells.
You conjure some foxfire!
The adder bites you but does no damage.
The iguana bites you but does no damage.
The foxfire hits the adder.
You kill the adder!
The foxfire hits the iguana.
The iguana is lightly wounded.
The iguana bites you.
* * * LOW HITPOINT WARNING * * *
Your magical contamination has completely faded away.
The iguana attacks as you move away! The iguana bites you.
* * * LOW HITPOINT WARNING * * *
It was a potion of flight.
You feel very buoyant.
You fly up into the air.
Xom is amused.
The iguana bites you!
You die...

#..############################
#>..................§.........
#..........##########........#
#..........+........>.....?..#
#..........#.................#
#..........#.................#
#..........#.................#
###..........#.................+
#.........(..#..@..............#
#.###'########..l......#########
#.# #.......##.†.......#
#.######....#........###
#...........##########
#######.....# #.....# ##...##
#...#


You could see an iguana.

Vanquished Creatures
  A phantom (D:5)
  A hound (D:4)
  An iguana (D:3)
  An orc wizard (D:4)
  8 adders
  3 worms
  6 orcs
  4 bats
  4 endoplasms
  16 giant cockroaches
  5 goblins
  5 hobgoblins
  4 jackals
  5 quokkas
  7 ball pythons
  6 frilled lizards
  2 kobolds
  2 rats
81 creatures vanquished.

Vanquished Creatures (collateral kills)
  A phantom (D:4)
  A foxfire (D:4)
2 creatures vanquished.

Vanquished Creatures (others)
  244 foxfires
244 creatures vanquished.

Grand Total: 327 creatures vanquished

Notes
Turn   | Place    | Note
-------+----------+-------------------------------------------
     0 | D:1      | Cheops the Merfolk Fire Elementalist began the quest for
                  | the Orb.
     0 | D:1      | Reached XP level 1. HP: 13/13 MP: 3/3
   105 | D:1      | Reached skill level 1 in Conjurations
   295 | D:1      | Reached XP level 2. HP: 17/19 MP: 0/5
  1108 | D:1      | Reached XP level 3. HP: 24/24 MP: 3/6
  1319 | D:2      | Found an opulent altar of Gozag.
  1751 | D:2      | Learned a level 2 spell: Scorch
  2000 | D:2      | Reached XP level 4. HP: 30/30 MP: 5/7
  2591 | D:3      | Identified the +4 leather armour "Nulav" {Regen+ Int+2}
  2810 | D:3      | Identified the +2 dagger of Chaos {heavy, Str+3}
  2911 | D:3      | Found a bloodstained altar of Trog.
  2950 | D:3      | Found Jare's Book Shop.
  3008 | D:3      | Reached skill level 3 in Fire Magic
  3008 | D:3      | Reached XP level 5. HP: 13/35 MP: 3/8
  3211 | D:3      | Found a faded altar of an unknown god.
  3448 | D:3      | Found a faded altar of an unknown god.
  3452 | D:3      | Found a snail-covered altar of Cheibriados.
  3504 | D:3      | Prayed at the altar of an unknown god.
  3504 | D:3      | Became a worshipper of Xom of Chaos
  3982 | D:4      | XOM: 3-stop teleportation journey
  4182 | D:4      | Noticed a phantom
  4194 | D:4      | XOM: cast spell 'Summon Mana Viper'
  4196 | D:4      | Killed a phantom
  4197 | D:4      | Reached XP level 6. HP: 23/41 MP: 10/10
  4293 | D:4      | Reached skill level 4 in Fire Magic
  4621 | D:4      | Identified the +0 leather armour of Carved Joy {Str+4 Dex+3
                  | Slay+2}
  4654 | D:4      | Learned a level 3 spell: Volatile Blastmotes
  4671 | D:5      | Entered Level 5 of the Dungeon
  4815 | D:5      | Mangled by an iguana

Illustrated notes

Levels and vault maps discovered:
D:1:      heliophobic_arrival_enchanted_forest, layout_loops_corners
D:2:      minmay_roachtagon, layout_loops_corners, basic_altar, st_stairs_3,
          amethyst_killhole, hangedman_feature_mirror
D:3:      layout_basic, nicolae_overflow_ecumenical_swirl,
          trog_three_pillars_becter, serial_shops, shop,
          shapermc_ecumenical_altar_mp_urbaneastern
D:4:      layout_basic, serial_bayou_pond_c
D:5:      cheibrodos_fertilizer, layout_basic, serial_rivers,
          chequers_serial_rivers_micro_a, chequers_serial_rivers_micro_c,
          chequers_serial_rivers_small_a, chequers_serial_rivers_micro_d,
          serial_shops, shop

Skill      XL: |  1  2  3  4  5  6 |
---------------+-------------------+-----
Conjurations   | 1 2 3 |  3.7
Fire Magic     | 3 4 |  4.0
Spellcasting   | 3 |  3.0
Dodging        | |  2.6
Stealth        | |  2.1

Action                     |  1- 3 |  4- 6 || total
---------------------------+-------+-------++-------
  Melee: Unarmed           |     6 |       ||     6
         Dagger            |    22 |   105 ||   127
   Cast: Foxfire           |    48 |    90 ||   138
         Scorch            |     2 |     3 ||     5
    Use: Potion            |       |     1 ||     1
 Armour: Robe              |    12 |    35 ||    47
         Leather armour    |       |     3 ||     3
  Dodge: Dodged            |    41 |   117 ||   158
